 Dungeon Crawl Stone Soup version 0.13.1-20-gf50ca03 (webtiles) character file.

131 Nicoed the Skirmisher (level 3, -1/33 HPs)
             Began as a Minotaur Berserker on Dec 29, 2013.
             Was a Believer of Trog.
             Slain by Sigmund
             ... wielding a +1,+2 scythe
              (8 damage)
             ... on Level 2 of the Dungeon.
             The game lasted 00:05:13 (1221 turns).

Nicoed the Skirmisher (Minotaur Berserker)          Turns: 1221, Time: 00:05:13

HP  -1/33        AC  8     Str 22      XL: 3   Next: 85%
MP   1/1         EV  9     Int  1 (4)  God: Trog [**....]
Gold 69          SH  0     Dex  9      Spells:  0 memorised,  2 levels left

Res.Fire  : . . .   See Invis. : .   a - +0 hand axe {=f}
Res.Cold  : . . .   Warding    : +   k - +0 scale mail
Life Prot.: + . .   Conserve   : .   (no shield)
Res.Poison: .       Res.Corr.  : .   i - +2 wizard hat
Res.Elec. : .       Clarity    : .   (no cloak)
Sust.Abil.: . .     Spirit.Shd : .   (no gloves)
Res.Mut.  : .       Stasis     : .   (no boots)
Res.Rott. : .       Flight     : .   p - amulet of warding {unknown}
Saprovore : . . .                    (no ring)
                                     (no ring)

@: confused, not resistant to hostile enchantments, extremely unstealthy
A: retaliatory headbutt, horns 2
a: Burn Spellbooks, Berserk, Trog's Hand, Renounce Religion


You were on level 2 of the Dungeon.
You worshipped Trog.
Trog was pleased with you.
You were not hungry.

You visited 1 branch of the dungeon, and saw 2 of its levels.

You collected 49 gold pieces.

Inventory:

Hand weapons
 a - a +0,+0 hand axe (weapon) {=f}
Armour
 i - a +2 wizard hat (worn)
 k - a +0 scale mail (worn)
Comestibles
 c - 3 bread rations
 g - 5 grapes
 h - a pear
Scrolls
 d - 3 scrolls of remove curse
 j - a scroll of identify {unknown}
 l - a scroll of noise {unknown}
 m - a scroll of enchant weapon II {unknown}
Jewellery
 p - an amulet of warding (around neck) {unknown}
Potions
 f - 2 potions of curing {unknown}
 o - a potion of magic {unknown}


   Skills:
 + Level 4.4 Fighting
 + Level 4.3 Axes
 + Level 3.0 Armour
 + Level 2.9 Dodging


You had 2 spell levels left.
You didn't know any spells.

Dungeon Overview and Level Annotations

Branches:
Dungeon (2/27)

Altars:
Trog

Annotations:
D:2 Sigmund


Innate Abilities, Weirdness & Mutations

You reflexively headbutt those who attack you in melee.
You have a pair of horns on your head.


Message History

Sigmund casts a spell at you. The puff of flame misses you.
You are feeling very hungry.
You continue eating.
You finish eating.
Mmmm...
Yummy apple.
Ouch! Sigmund mumbles some strange words.
Sigmund flickers and vanishes!
Deactivating autopickup; reactivate with Ctrl-A.
Unknown command.
It hits you! It hits you!
Ouch! A hobgoblin comes into view. It is wielding a club.
It hits you!
* * * LOW HITPOINT WARNING * * *
There was something very wrong with that liquid!
You feel dopey.
It was a potion of degeneration.
It hits you!
You die...

..#####..###.########.#####.#####
.................................
..##.......#.#############.......
..##.......#.# #.......
........####.####################
..........................
#.######.........########.
#.######.........########..
................@.K...g....
#.######.........########..
#................#
########.........# ###########


You could see a hobgoblin and a kobold.

Vanquished Creatures
  An adder (D:2)
  A giant mite (D:2)
  An ooze (D:1)
  A ball python (D:1)
  8 bats
  3 giant cockroaches
  3 goblins
  6 hobgoblins
  6 jackals (D:2)
  5 giant newts
  2 kobolds (D:2)
  5 rats
42 creatures vanquished.

Notes
Turn   | Place    | Note
--------------------------------------------------------------
     0 | D:1      | Nicoed, the Minotaur Berserker, began the quest for the Orb.
     0 | D:1      | Reached XP level 1. HP: 19/19 MP: 0/0
     0 | D:1      | Noticed a troll zombie
     1 | D:1      | Noticed an elf zombie
     3 | D:1      | Noticed a minotaur zombie
    14 | D:1      | Noticed an octopode zombie
    14 | D:1      | Noticed a merfolk zombie
    17 | D:1      | Noticed a spriggan zombie
    19 | D:1      | Noticed an elf zombie
    23 | D:1      | Noticed a spriggan zombie
   130 | D:1      | Reached XP level 2. HP: 23/26 MP: 0/0
   236 | D:1      | Reached skill level 4 in Axes
   819 | D:1      | You fall through a shaft!
   961 | D:2      | Reached XP level 3. HP: 31/33 MP: 1/1
   969 | D:2      | Acquired Trog's second power
  1177 | D:2      | Found a bloodstained altar of Trog.
  1203 | D:2      | Noticed Sigmund
  1221 | D:2      | Slain by Sigmund

Action                   || total
-------------------------++-------
Melee: Hand axe          ||    90
  Use: Scroll            ||     1
       Potion            ||     1
